 Dungeon Crawl Stone Soup version 0.30.0-15-g856e2d3f33 (webtiles) character file.

Game seed: 12476348561711859445

323 booth the Conjurer (level 6, -1/34 (47) HPs)
             Began as a Demonspawn Reaver on May 18, 2023.
             Was an Initiate of Yredelemnul.
             Slain by a gnoll
             ... wielding a +0 spear
              (5 damage)
             ... on level 4 of the Dungeon.
             The game lasted 00:27:44 (4141 turns).

booth the Conjurer (Demonspawn Reaver)              Turns: 4141, Time: 00:27:45

HP:   -1/34 (47)    AC:  5    Str: 15    XL:     6   Next: 23%
MP:   9/10          EV: 12    Int: 14    God:    Yredelemnul [......]
Gold: 178           SH:  0    Dex: 13    Spells: 5/11 levels left

rFire   . . .        a - +0 hand axe
rCold   . . .        (no shield)
rNeg    . . .        b - +0 leather armour
rPois   .            (no helmet)
rElec   .            i - +1 cloak
rCorr   .            (no gloves)
SInv    .            (no boots)
Will    .....        (no amulet)
Stlth   ++           (no ring)
HPRegen 0.25/turn    (no ring)
MPRegen 0.12/turn

%: no passive effects
@: very heavily drained
A: thin skeletal structure 1, foul stench 1
a: Renounce Religion, Recall Undead Harvest


You were on level 4 of the Dungeon.
You worshipped Yredelemnul.
Yredelemnul was noncommittal.
You visited 1 branch of the dungeon, and saw 4 of its levels.

You collected 178 gold pieces.

Inventory:

Hand Weapons
 a - a +0 hand axe (weapon)
 l - a +0 whip of freezing
Missiles
 d - 5 boomerangs (quivered)
Armour
 b - a +0 leather armour (worn)
 i - a +1 cloak (worn)
Jewellery
 m - a ring of willpower
Wands
 c - a wand of digging (9)
Scrolls
 k - a scroll of noise {unknown}
Potions
 f - 2 potions of heal wounds
 g - a potion of magic
 h - a potion of brilliance
 j - a potion of mutation {unknown}


   Skills:
 + Level 3.3 Fighting
 + Level 3.7 Axes
 + Level 0.9 Armour
 + Level 3.0 Dodging
 + Level 3.1 Spellcasting
 + Level 4.0 Conjurations


You had 5 spell levels left.
You knew the following spells:

 Your Spells              Type           Power      Damage    Failure   Level
a - Kiss of Death         Conj/Necr      28%        2d7       12%         1
b - Momentum Strike       Conj/Tloc      14%        3d8       17%         2
c - Hailstorm             Conj/Ice       7%         3d4       34%         3

Your spell library contained the following spells:

 Spells                   Type           Power      Damage    Failure   Level
 Dazzling Flash           Conj/Hex       14%        N/A       34%         3
 Agony                    Necr           2%         N/A       100%        5
 Silence                  Hex/Air        1%         N/A       100%        5


Dungeon Overview and Level Annotations

Branches:
Dungeon (4/15)
 Temple: D:4-7

Altars:
Ru
Yredelemnul

Annotations:
D:3 2 transporters, oldmanjim's ghost, amateur OgTm


Innate Abilities, Weirdness & Mutations

You have a somewhat thin skeletal structure. (Dex +2, Stealth+)
You may rarely emit foul miasma when damaged in melee.


Message History

The gnoll shouts!
An orc comes into view. It is wielding a +0 dagger.
The gnoll misses you.
You barely miss the gnoll. The gnoll hits you with a +0 halberd.
The gnoll barely misses you.
The gnoll shouts!
You hit the gnoll but do no damage.
The gnoll hits you from afar with a +0 spear.
The gnoll hits you but does no damage.
You barely miss the gnoll. The gnoll closely misses you.
The gnoll hits you from afar with a +0 spear.
You closely miss the gnoll. The gnoll completely misses you.
The gnoll hits you but does no damage.
You hit the gnoll but do no damage. The gnoll closely misses you.
The gnoll barely misses you.
You closely miss the gnoll. The gnoll barely misses you.
The gnoll closely misses you.
You hit the gnoll but do no damage. The gnoll hits you with a +0 halberd!
The gnoll hits you from afar with a +0 spear.
Casting: Kiss of Death (safe; 12% risk of failure)
Confirm with . or Enter, or press ? or * to list all spells.
Aiming: Kiss of Death (safe; 12% risk of failure)
Press: ? - help, Shift-Dir - straight line, f - gnoll
Aim: a gnoll, wielding a +0 halberd (100% to hit)
The negative energy hits the gnoll!
The gnoll is drained!
The gnoll is almost dead.
You feel drained. The gnoll closely misses you.
You hit the gnoll.
The gnoll is lightly wounded.
The gnoll closely misses you.
The gnoll hits you from afar with a +0 spear!
* * * LOW HITPOINT WARNING * * *
Really read the scroll of immolation?
As you read the scroll of immolation, it crumbles to dust.
The creatures around you are filled with an inner flame!
The gnoll hits you with a +0 club.
* * * LOW HITPOINT WARNING * * *
The gnoll hits you from afar with a +0 spear.
You die...
Your body rises from the dead as a mindless zombie.

###########
#.........#
#.####.##.#
#.#....##.# #.
+#######'.##.# g#.
#...#...#.##.# g#.
#...#...#.##.# ..
#.......#....# .#.
###._.###@####
..#####.......#g####
#.##.#...#...#gg..#
#....#.).#...#g.#'#
###.##.'#######+.##_#
....##..Z.).....o.###
..#.##.#########..#
..#.##.# #..#
..#.##.# #..#


You could see 4 gnolls and an orc (inner flame).

Vanquished Creatures
  A jelly (D:2)
  Terence (D:2)
  An orc wizard (D:3)
  8 adders
  A worm (D:2)
  A dart slug (D:1)
  10 orcs (D:3)
  7 ball pythons
  3 endoplasms (D:1)
  2 giant cockroaches
  6 goblins
  8 hobgoblins
  6 jackals
  9 kobolds
  3 quokkas
  3 bats
  2 frilled lizards
  2 rats
74 creatures vanquished.

Vanquished Creatures (collateral kills)
  2 orc wizards (D:3)
  2 adders (D:3)
  An orc (D:3)
  2 hobgoblins
  A ball python (D:3)
  A bat (D:3)
  A frilled lizard (D:4)
  3 goblins
  A kobold (D:4)
14 creatures vanquished.

Vanquished Creatures (others)
  A scorpion zombie (D:3)
  An adder zombie (D:4)
  2 ball python zombies (D:3)
  A giant cockroach zombie (D:4)
  3 goblin zombies
  3 hobgoblin zombies (D:4)
  A jackal zombie (D:4)
  An orc zombie (D:3)
13 creatures vanquished.

Grand Total: 101 creatures vanquished

Notes
Turn   | Place    | Note
-------+----------+-------------------------------------------
     0 | D:1      | booth the Demonspawn Reaver began the quest for the Orb.
     0 | D:1      | Reached XP level 1. HP: 16/16 MP: 3/3
   370 | D:1      | Gained mutation: You have a somewhat thin skeletal
                  | structure. (Dex +2, Stealth+) [demonic ancestry]
   370 | D:1      | Reached XP level 2. HP: 17/22 MP: 5/5
   373 | D:1      | Learned a level 2 spell: Momentum Strike
   871 | D:1      | Gained mutation: You may rarely emit foul miasma when
                  | damaged in melee. [demonic ancestry]
   871 | D:1      | Reached XP level 3. HP: 27/28 MP: 6/6
   875 | D:1      | Learned a level 3 spell: Hailstorm
  1358 | D:2      | Reached XP level 4. HP: 29/34 MP: 7/7
  1386 | D:2      | Noticed Terence
  2121 | D:2      | Killed Terence
  2122 | D:2      | Reached XP level 5. HP: 15/23 MP: 1/9
  2261 | D:3      | Found a transporter.
  2274 | D:3      | Noticed an ice beast
  2280 | D:3      | Noticed oldmanjim's ghost (amateur OgTm)
  2295 | D:3      | Found a transporter.
  2713 | D:3      | Found a faded altar of an unknown god.
  2729 | D:3      | Prayed at the altar of an unknown god.
  2729 | D:3      | Became a worshipper of Yredelemnul the Dark
  2729 | D:3      | Reached * piety under Yredelemnul
  3637 | D:3      | Reached skill level 4 in Conjurations
  3637 | D:3      | Reached XP level 6. HP: 37/38 MP: 10/10
  3996 | D:4      | Found a sacrificial altar of Ru.
  4141 | D:4      | Slain by a gnoll

Illustrated notes

Levels and vault maps discovered:
D:1:      roderic_crop_circles_arrival_small, layout_loops_ring
D:2:      layout_loops_ring, minivault_14, minmay_box_of_dots, uniq_terence
D:3:      layout_basic, shapermc_ecumenical_altar_totnotflames,
          serial_co_window_serial, co_window_corner_a,
          co_window_of_opportunity_a, co_window_paths_b, co_window_paths_b,
          co_window_paths_b, co_window_unsneaky_path_b, co_window_2corner,
          co_window_cross_3, co_window_2corner, glass_columns_a,
          glass_columns_a, gammafunk_ghost_arena, minmay_misc_feat_rugged,
          solitary_fountain, reono_crystal_passage
D:4:      layout_loops_ring, nicolae_ru_great_annihilating_truth,
          nicolae_tso_carved_into_rock, led_sif_pool, kennysheep_mini,
          lightli_sewer_entry_pipes, uniq_robin

Skill      XL: |  1  2  3  4  5  6 |
---------------+-------------------+-----
Dodging        | 2 3 |  3.0
Axes           | 3 |  3.7
Fighting       | 3 |  3.3
Spellcasting   | 3 |  3.1
Conjurations   | 4 |  4.0
Armour         | |  0.9

Action                     |  1- 3 |  4- 6 || total
---------------------------+-------+-------++-------
  Melee: Hand axe          |   119 |   234 ||   353
         Punch             |     1 |     2 ||     3
  Throw: Boomerang         |       |     1 ||     1
   Cast: Kiss of Death     |       |     5 ||     5
         Momentum Strike   |       |     2 ||     2
 Invoke: Recall Undead Har |       |     3 ||     3
    Use: Scroll            |     3 |     6 ||     9
         Potion            |     1 |       ||     1
   Stab: Distracted        |       |     1 ||     1
         Invisible         |       |     1 ||     1
 Armour: Leather armour    |    32 |    78 ||   110
  Dodge: Dodged            |    74 |   143 ||   217
